 Dungeon Crawl Stone Soup version 0.17-a0-1554-g3b847ca (webtiles) character file.

90804 nubinia the Thaumaturge (level 16, -9/88 HPs)
             Began as an Octopode Wizard on July 18, 2015.
             Was the Champion of Sif Muna.
             Killed from afar by Aizul (42 damage)
             ... with a bolt of poison
             ... on level 3 of the Lair of Beasts on July 19, 2015.
             The game lasted 06:46:07 (41004 turns).

nubinia the Thaumaturge (Octopode Wizard)          Turns: 41004, Time: 06:46:07

Health: -9/88      AC: 10    Str: 10    XL:     16   Next: 1%
Magic:  9/32       EV: 24    Int: 22    God:    Sif Muna [******]
Gold:   909        SH: 13    Dex: 24    Spells: 13 memorised, 8 levels left

rFire  . . .     SeeInvis .     a - +6 hunting sling (evade)
rCold  + + .     Clarity  .     i - +2 shield
rNeg   + + .     SustAt   .     u - +1 hat
rPois  .         Gourm    .     H - macabre finger necklace {Ward rN+}
rElec  .         Spirit   .     x - +3 ring of strength
rCorr  .         Warding  +     A - ring of protection from fire
rMut   .         Stasis   .     z - ring of protection from magic
MR     ++++.                    P - ring "Kinitz" {+Fly MR+ Dex+5}
Stlth  +++++++...               W - ring of protection from magic
                                n - ring of ice
                                e - +3 ring of protection
                                S - +4 ring of protection
                                d - ring "Curgh" {rN+ Dex+4}

@: lethally poisoned (-9 -> -17), repel missiles, incredibly resistant to
hostile enchantments, extremely stealthy
A: almost no armour, amphibious, 8 rings, constrict 8, rugged brown scales 1,
camouflage 1, cold resistance 1, frail 1, gelatinous body 1
a: Channel Energy, Forget Spell, Renounce Religion, Evoke Flight


You were on level 3 of the Lair of Beasts.
You worshipped Sif Muna.
Sif Muna was exalted by your worship.
You were very hungry.

You visited 6 branches of the dungeon, and saw 25 of its levels.
You also visited: Labyrinth and Ossuary.

You collected 2321 gold pieces.
You spent 1412 gold pieces at shops.

Inventory:

Hand weapons
 a - a +6 hunting sling of evasion (weapon)
 b - a +2 flail of protection
 F - a +0 blowgun
Missiles
 m - 275 stones (quivered)
 G - 86 poisoned needles
Armour
 i - a +2 shield (worn)
 u - a +1 hat (worn)
Rods
 t - a +7 rod of destruction (11/11)
   (You found it on level 2 of the Orcish Mines)
Jewellery
 c - an uncursed amulet of clarity
 d - the ring "Curgh" (on amulet) {rN+ Dex+4}
   (You bought it in a shop on level 4 of the Orcish Mines)

   [ring of positive energy]

   It affects your dexterity (+4).
   It protects you from negative energy.
 e - a +3 ring of protection (on tentacle)
 h - an uncursed amulet of resist mutation
 n - a ring of ice (on tentacle)
 r - an uncursed amulet of regeneration
 w - the amulet "Dute Coe" {Ward rN+ Dex+2 Slay+2}
   (You found it on level 8 of the Lair of Beasts)

   [amulet of warding]

   It may prevent the melee attacks of summoned creatures.
   It affects your dexterity (+2).
   It affects your accuracy and damage with ranged weapons and melee attacks
   (+2).
   It protects you from negative energy.
 x - a +3 ring of strength (left tentacle)
 y - an uncursed ring of teleportation
 z - a ring of protection from magic (on tentacle)
 A - a ring of protection from fire (right tentacle)
 C - the ring "Cemyibib" {*Confuse rElec rN+ Dex+6 Stlth+}
   (You found it on level 8 of the Lair of Beasts)

   [ring of positive energy]

   It affects your dexterity (+6).
   It insulates you from electricity.
   It protects you from negative energy.
   It may confuse you when you take damage.
   It makes you more stealthy.
 H - the macabre finger necklace (around mantle) {Ward rN+}
   (You bought it in a shop on level 4 of the Orcish Mines)

   [amulet of warding]

   It may prevent the melee attacks of summoned creatures.
   It protects you from negative energy.
 P - the ring "Kinitz" (on tentacle) {+Fly MR+ Dex+5}
   (You found it on level 7 of the Dungeon)

   [ring of flight]

   It affects your dexterity (+5).
   It affects your resistance to hostile enchantments.
   It lets you fly.
 S - a +4 ring of protection (on tentacle)
 T - an uncursed ring of fire
 W - a ring of protection from magic (on tentacle)
Magical devices
 R - a wand of lightning (0)
 V - a wand of digging (14)
Scrolls
 j - 2 scrolls of fog
 p - 4 scrolls of enchant armour
 q - 5 scrolls of teleportation
 v - 2 scrolls of amnesia
 E - 4 scrolls of remove curse
 I - 3 scrolls of recharging
 M - 2 scrolls of magic mapping
 O - 3 scrolls of fear
Potions
 f - 3 potions of flight
 g - 2 potions of haste
 o - a potion of resistance
 s - 3 potions of cancellation
 B - 4 potions of curing
 D - 2 potions of agility
 J - 3 potions of brilliance
 K - 2 potions of might
 Q - a potion of heal wounds
Miscellaneous
 k - a lamp of fire (inert)
 U - a phial of floods (inert)
Comestibles
 L - 8 fruits


   Skills:
 + Level 4.3 Fighting
   Level 2.0 Short Blades
 + Level 4.2 Maces & Flails
 + Level 9.3(9.7) Slings
 + Level 4.3(7.3) Throwing
 + Level 8.1 Dodging
 + Level 10.9 Stealth
 + Level 6.8 Shields
 * Level 12.7 Spellcasting
 * Level 11.5 Conjurations
 + Level 2.4 Hexes
 * Level 3.5 Charms
 - Level 1.0 Summonings
 * Level 3.2 Necromancy
 + Level 8.0 Translocations
 + Level 5.4 Fire Magic
 * Level 6.0 Air Magic
 - Level 3.6 Poison Magic
 + Level 3.1 Invocations


You had 8 spell levels left.
You knew the following spells:

 Your Spells              Type           Power        Failure   Level  Hunger
a - Magic Dart            Conj           ####         1%          1    None
b - Blink                 Tloc           N/A          1%          2    None
c - Mephitic Cloud        Conj/Pois/Air  #####...     1%          3    None
d - Conjure Flame         Conj/Fire      ####....     1%          3    None
e - Sticky Flame          Conj/Fire      ####....     4%          4    None
f - Force Lance           Conj/Tloc      ######..     1%          4    None
g - Apportation           Tloc           #####.....   1%          1    None
h - Dazzling Spray        Conj/Hex       #####...     1%          3    None
i - Recall                Summ/Tloc      N/A          8%          3    None
j - Swiftness             Chrm/Air       ####....     3%          2    None
k - Regeneration          Chrm/Necr      ####......   12%         3    None
r - Repel Missiles        Chrm/Air       ####..       3%          2    None
S - Animate Skeleton      Necr           N/A          4%          1    None


Dungeon Overview and Level Annotations

Branches:
Dungeon (9/15)             Temple (0/1) D:7            Lair (8/8) D:9
  Swamp (1/4) Lair:3        Snake (1/4) Lair:3        Slime (0/6) Lair:7
    Orc (4/4) D:9             Elf (2/3) Orc:4

Altars:
Dithmenos
Gozag
Kikubaaqudgha
Makhleb
Nemelex Xobeh
Okawaru
Sif Muna
Xom
Beogh
Lugonu

Shops:
Orc:4 =%*%   Elf:1 *

Portals:
Abyss: Elf:1

Annotations:
D:3 Grinder
Lair:2 Gastronok
Lair:3 Aizul
Lair:7 exclusion: 2 oklob plants


Innate Abilities, Weirdness & Mutations

You cannot wear most types of armour.
You are amphibious.
You can wear up to eight rings at the same time.
You can use your tentacles to constrict eight enemies at once.
Your skin changes colour to match your surroundings (Stealth).
Your rubbery body absorbs attacks (AC +1).
You are partially covered in rugged brown scales (AC +1, +3% HP).
Your flesh is cold resistant.
You are frail (-10% HP).


Message History

Aim: Aizul (severely wounded)
You shoot a stone. The stone hits Aizul.
Aizul is severely wounded.
Casting: Force Lance
Confirm with . or Enter, or press ? or * to list all spells.
Aiming: Force Lance
Press: ? - help, Shift-Dir - straight line, f/p - Aizul
Aim: Aizul (severely wounded)
The lance of force hits Aizul.
Aizul is almost dead.
Aizul is knocked back by the lance of force.
Firing (i - inventory):
m - 276 stones (quivered)
Press: ? - help, Shift-Dir - straight line, f/p - Aizul
Aim: Aizul (almost dead)
You shoot a stone. The stone hits Aizul.
Aizul is almost dead.
Aizul casts a spell at you. The bolt of poison hits you!
You are poisoned.
You die...

*,,*,**,*,,,***,,*******
*,,,,P**#..(* *,,*P*,,P*
*>,*,,,,...#* *,,,,,,,,,
###...***,.(.# *,,,,,,,**
***#..<..####.(.####,*,,*,**
*,.........>S.(.....,,,,,,***
*,...............#*,,*,,,,*,,
*,...P.....#.....#.#,**,,,,,,
***........##@.......,***,,,**
*,,,.................,,,,,,,**
***,P#......#......##*P*,**,,*
*,*##.#...##...### *********
*,* ####.##*#.##
*,*##≈...♣,,*## *,*#.≈≈..♣≈,≈*
*,,#..♣♣.♣♣≈*#**
*#.#≈.♣...♣≈≈#.#****


You could see Aizul.

Vanquished Creatures
  A tentacled monstrosity (Swamp:1)
  Azrael (Orc:4)
  2 deep elf demonologists (Elf:1)
  A deep elf annihilator (Elf:1)
  A minotaur (Lab)
  A catoblepas (Lair:8)
  7 hydras
  A slime creature (Swamp:1)
  An anaconda (Lair:8)
  3 alligators (Swamp:1)
  A spriggan druid (Swamp:1)
  An unseen horror (Lab)
  2 swamp dragons (Swamp:1)
  Pikel (D:5)
  9 deep elf summoners (Elf:1)
  A deep troll (Orc:2)
  8 orc knights
  3 deep elf conjurers
  A griffon (Lair:8)
  An orc sorcerer (Elf:1)
  28 elephants
  18 spiny frogs
  A black mamba (Lair:3)
  A torpor snail (Lair:8)
  10 komodo dragons
  4 trolls
  A deep elf priest (Elf:1)
  A polar bear (Lair:4)
  A fire drake (Lair:5)
  A boulder beetle (Lair:8)
  35 blink frogs
  5 two-headed ogres (Orc:2)
  5 giant leeches
  A bog body (Swamp:1)
  A spriggan (Swamp:1)
  Sigmund (D:6)
  7 deep elf magi
  8 deep elf fighters
  2 hungry ghosts (Lab)
  3 fire elementals
  23 wolves
  3 vampire mosquitoes (Swamp:1)
  3 basilisks
  44 yaks
  Edmund (D:6)
  7 hippogriffs
  10 insubstantial wisps
  6 swamp worms
  12 water moccasins
  6 wargs (Orc:4)
  2 nagas (Lair:3)
  8 porcupines
  4 ice beasts
  2 hell hounds
  32 orc warriors
  2 slaves (D:5)
  2 swamp drakes (Swamp:1)
  A sky beast (D:5)
  2 black bears
  A wasp (Swamp:1)
  4 centaurs
  13 crocodiles
  A big kobold (D:7)
  25 giant frogs
  8 ogres
  2 elf zombies (Ossuary)
  A water moccasin skeleton (D:9)
  2 scorpions
  3 killer bees (D:8)
  10 wights
  6 crimson imps
  A centaur zombie (Ossuary)
  4 jellies
  18 orc priests
  Crazy Yiuf (D:3)
  A centaur skeleton (D:5)
  9 iguanas
  2 giant frog zombies (D:5)
  A gnoll shaman (D:5)
  6 hounds
  2 human zombies (Ossuary)
  26 orc wizards
  A giant frog skeleton (D:9)
  6 worker ants
  16 sheep
  2 hound zombies
  3 mummies (Ossuary)
  Robin (D:3)
  13 gnolls
  A worker ant zombie (D:8)
  15 adders
  44 river rats
  5 shadow imps
  2 oozes
  2 adder skeletons (D:9)
  10 adder zombies
  4 giant geckos
  174 orcs
  3 ball pythons
  2 bat zombies
  4 giant cockroaches
  6 gnoll zombies (Ossuary)
  43 goblins
  26 hobgoblins
  19 jackals
  14 kobolds
  5 quokkas
  18 bats
  2 giant gecko skeletons
  4 giant newts
  A goblin zombie (Ossuary)
  4 hobgoblin zombies (Ossuary)
  A jackal skeleton (D:6)
  A jackal zombie (Ossuary)
  A kobold zombie (Ossuary)
  A quokka zombie (Ossuary)
  14 rats
  7 rat zombies (Ossuary)
  A butterfly (D:5)
  5 fungi
  5 plants (Lair:8)
984 creatures vanquished.

Vanquished Creatures (collateral kills)
  Rupert (Lair:6)
  2 hydras
  A ghost crab (Swamp:1)
  2 alligators (Swamp:1)
  A deep elf summoner (Elf:1)
  2 oklob plants (Lair:7)
  6 elephants
  A spiny frog (Swamp:1)
  A fire drake (Lair:7)
  2 komodo dragons
  4 blink frogs
  A yak (Lair:8)
  A swamp worm (Swamp:1)
  A warg (Orc:4)
  5 orc warriors
  3 water moccasins
  A wasp (Swamp:1)
  2 crocodiles
  A giant frog (Lair:7)
  A crimson imp (D:9)
  A killer bee (D:8)
  3 orc wizards (Orc:4)
  2 sheep (Lair:7)
  A gnoll (Orc:3)
  A white imp (D:9)
  16 orcs
  6 kobolds (Elf:1)
  A plant (Lair:8)
70 creatures vanquished.

Vanquished Creatures (others)
  A deep elf high priest (Elf:1)
  3 orcs
  A goblin (Orc:4)
  A ball python (D:5)
  A bush (Lair:6)
  42 fungi
  16 plants
  4 toadstools (D:1)
69 creatures vanquished.

Grand Total: 1123 creatures vanquished

Notes
Turn   | Place    | Note
--------------------------------------------------------------
     0 | D:1      | nubinia the Octopode Wizard began the quest for the Orb.
     0 | D:1      | Reached XP level 1. HP: 11/11 MP: 4/4
   269 | D:1      | Reached XP level 2. HP: 17/17 MP: 3/6
   301 | D:1      | Learned a level 2 spell: Repel Missiles
  1134 | D:1      | Reached XP level 3. HP: 21/21 MP: 2/8
  1139 | D:1      | Learned a level 3 spell: Mephitic Cloud
  1393 | D:2      | Reached skill level 1 in Poison Magic
  2447 | D:2      | Found a sparkling altar of Nemelex Xobeh.
  2514 | D:2      | Reached XP level 4. HP: 27/27 MP: 5/9
  2552 | D:2      | Learned a level 3 spell: Conjure Flame
  2758 | D:2      | Reached skill level 4 in Spellcasting
  3421 | D:2      | Reached XP level 5. HP: 30/32 MP: 8/11
  4196 | D:3      | Noticed Robin
  4332 | D:3      | Noticed Grinder
  4343 | D:3      | Paralysed by Grinder for 7 turns
  4709 | D:3      | Killed Robin
  5120 | D:3      | Reached XP level 6. HP: 37/37 MP: 8/12
  6592 | D:3      | Noticed Crazy Yiuf
  6657 | D:3      | Killed Crazy Yiuf
  6762 | D:5      | Entered Level 5 of the Dungeon
  6880 | D:5      | Found a shimmering altar of Xom.
  6904 | D:5      | Reached skill level 1 in Fighting
  7264 | D:5      | Reached XP level 7. HP: 37/43 MP: 14/14
  7997 | D:5      | Reached skill level 5 in Spellcasting
  8236 | D:3      | Reached skill level 1 in Air Magic
  8605 | D:5      | Noticed Pikel
  9132 | D:5      | Reached skill level 5 in Stealth
  9260 | D:5      | Reached XP level 8. HP: 50/50 MP: 9/16
  9508 | D:5      | Killed Pikel
  9508 | D:5      | Reached skill level 1 in Short Blades
  9508 | D:5      | Reached skill level 6 in Spellcasting
  9991 | D:5      | Reached skill level 5 in Conjurations
 10005 | D:5      | Reached skill level 1 in Throwing
 10383 | D:5      | Reached XP level 9. HP: 54/54 MP: 14/18
 10717 | D:6      | Noticed Sigmund
 10731 | D:6      | Killed Sigmund
 10766 | D:6      | Reached skill level 5 in Dodging
 10774 | D:6      | Found an iron altar of Okawaru.
 10891 | D:6      | Reached skill level 7 in Spellcasting
 10903 | D:6      | Found a sand-covered staircase.
 10912 | Ossuary  | Entered an ossuary
 11829 | D:6      | Found an ancient bone altar of Kikubaaqudgha.
 12208 | D:6      | Noticed Edmund
 12217 | D:6      | Reached skill level 1 in Slings
 12228 | D:6      | Killed Edmund
 12388 | D:6      | Found a deep blue altar of Sif Muna.
 12388 | D:6      | Found a shadowy altar of Dithmenos.
 12391 | D:6      | Became a worshipper of Sif Muna the Loreminder
 12471 | D:6      | Reached skill level 8 in Stealth
 12530 | D:7      | Reached XP level 10. HP: 62/62 MP: 16/21
 12798 | D:7      | Reached skill level 1 in Fire Magic
 12806 | D:7      | Got a steaming ivory ring
 12807 | D:7      | Identified the ring "Kinitz" {+Fly MR+ Dex+5} (You found it on level 7 of the Dungeon)
 12849 | D:7      | You fall through a shaft for 2 floors!
 13463 | D:7      | Found an opulent altar of Gozag.
 13472 | D:7      | Found a staircase to the Ecumenical Temple.
 14276 | D:8      | Reached skill level 1 in Maces & Flails
 14278 | D:8      | Acquired Sif Muna's first power
 14783 | D:8      | Learned a level 4 spell: Force Lance
 15256 | D:9      | Found a staircase to the Lair.
 15391 | Lair:1   | Entered Level 1 of the Lair of Beasts
 15928 | Lair:1   | Acquired Sif Muna's second power
 15941 | Lair:1   | Reached XP level 11. HP: 51/67 MP: 16/23
 16817 | Lair:2   | Noticed Gastronok
 16838 | Lair:2   | Noticed a four-headed hydra
 17374 | Lair:2   | Reached skill level 9 in Spellcasting
 17570 | Lair:2   | Found a burning altar of Makhleb.
 18057 | Lair:3   | Found a labyrinth entrance.
 18069 | Lab      | Entered a labyrinth
 18257 | Lab      | Killed an unseen horror
 18596 | Lab      | Noticed a minotaur
 18679 | Lab      | Killed a minotaur
 18720 | Lab      | Identified the Collected Works on Unholy Transmigration
 18730 | Lab      | Identified Sif Muna's Volume of Hexes and Blows and Bruises (You found it in a labyrinth)
 18943 | Lair:2   | Reached skill level 5 in Fire Magic
 18963 | Lair:2   | Reached XP level 12. HP: 51/72 MP: 10/25
 19020 | Lair:3   | Acquired Sif Muna's third power
 19306 | Lair:1   | Learned a level 2 spell: Blink
 20189 | Lair:3   | Found a staircase to the Snake Pit.
 20567 | Lair:3   | Reached skill level 5 in Translocations
 20989 | Lair:3   | Found a staircase to the Swamp.
 21760 | Lair:4   | Reached skill level 5 in Slings
 21760 | Lair:4   | Reached skill level 1 in Shields
 22599 | Lair:5   | Reached skill level 10 in Spellcasting
 22715 | Lair:5   | Noticed an eight-headed hydra
 22736 | Lair:5   | Killed an eight-headed hydra
 22736 | Lair:5   | Reached XP level 13. HP: 79/79 MP: 2/27
 23311 | Lair:5   | Gained mutation: Your flesh is cold resistant. [potion of mutation]
 23311 | Lair:5   | Gained mutation: You are partially covered in rugged brown scales (AC +1, +3% HP). [potion of mutation]
 23311 | Lair:5   | Gained mutation: You are frail (-10% HP). [potion of mutation]
 23590 | Lair:5   | Learned a level 1 spell: Animate Skeleton
 23743 | Lair:6   | Noticed Rupert
 24937 | Lair:6   | Reached skill level 10 in Conjurations
 25330 | Lair:6   | Received a gift from Sif Muna
 25331 | Lair:6   | Identified Sif Muna's Papyrus of Noxious Conjuration (Sif Muna gifted it to you on level 6 of the Lair of Beasts)
 25359 | Lair:6   | Reached skill level 10 in Stealth
 25458 | Lair:6   | Killed Rupert
 25620 | Lair:6   | Your ally Rupert died
 25726 | Lair:6   | Learned a level 4 spell: Sticky Flame
 25728 | Lair:6   | Learned a level 1 spell: Apportation
 25806 | Lair:6   | Upgraded the game from 0.17-a0-1545-gc1bb672 to 0.17-a0-1554-g3b847ca
 26169 | Lair:7   | Reached skill level 11 in Spellcasting
 26631 | Lair:7   | Reached XP level 14. HP: 78/78 MP: 22/29
 27138 | Lair:7   | Reached skill level 5 in Shields
 27265 | Lair:7   | Found a staircase to the Slime Pits.
 27279 | Lair:8   | Entered Level 8 of the Lair of Beasts
 28185 | Lair:8   | Received a gift from Sif Muna
 28186 | Lair:8   | Identified Alistair's Incunabulum of Lethal Toxins (Sif Muna gifted it to you on level 8 of the Lair of Beasts)
 28518 | Lair:8   | Got a twitching iron amulet
 28520 | Lair:8   | Identified the amulet "Dute Coe" {Ward rN+ Dex+2 Slay+2} (You found it on level 8 of the Lair of Beasts)
 29161 | Lair:8   | Got a twitching turquoise ring
 29256 | Lair:6   | Identified the ring "Cemyibib" {*Confuse rElec rN+ Dex+6 Stlth+} (You found it on level 8 of the Lair of Beasts)
 29894 | D:9      | Reached skill level 1 in Necromancy
 29937 | D:9      | Found a staircase to the Orcish Mines.
 30133 | D:9      | Learned a level 3 spell: Dazzling Spray
 30418 | Orc:1    | Entered Level 1 of the Orcish Mines
 30822 | Orc:2    | Found a roughly hewn altar of Beogh.
 30911 | Orc:2    | Identified a +7 rod of destruction (11/11) (You found it on level 2 of the Orcish Mines)
 31077 | Lair:1   | Learned a level 3 spell: Recall
 31929 | Orc:1    | Found a roughly hewn altar of Beogh.
 32002 | Orc:1    | Reached skill level 1 in Hexes
 33115 | Orc:4    | Entered Level 4 of the Orcish Mines
 33315 | Orc:4    | Found a staircase to the Elven Halls.
 33453 | Orc:4    | Reached skill level 12 in Spellcasting
 33981 | Orc:4    | Reached XP level 15. HP: 83/83 MP: 24/31
 34446 | Orc:4    | Reached skill level 1 in Invocations
 34479 | Orc:4    | Found a roughly hewn altar of Beogh.
 34667 | Orc:4    | Found Owutra's Food Emporium.
 34667 | Orc:4    | Found Zeowuly's Assorted Antiques.
 35357 | Orc:4    | Found Jearaobo's Food Emporium.
 35357 | Orc:4    | Found Roumuff's Jewellery Boutique.
 35371 | Orc:4    | Bought the macabre finger necklace {Ward rN+} for 308 gold pieces
 35371 | Orc:4    | Bought the ring "Curgh" {rN+ Dex+4} for 495 gold pieces
 35562 | Elf:1    | Entered Level 1 of the Elven Halls
 35562 | Elf:1    | Noticed Azrael
 35618 | Orc:4    | Killed Azrael
 35960 | Elf:1    | Found Isat's Assorted Antiques.
 35968 | Elf:1    | Bought a dazzling scimitar for 315 gold pieces
 35968 | Elf:1    | Identified the +0 scimitar of Gehenna {flame, +Rage rC++ Str+4 Int-3} (You bought it in a shop on level 1 of the Elven Halls)
 36009 | Elf:1    | Learned a level 2 spell: Swiftness
 36187 | Elf:1    | Reached skill level 1 in Charms
 36465 | Elf:1    | Reached skill level 5 in Air Magic
 36707 | Elf:1    | Identified the Guide on the Escort
 36858 | Elf:1    | Found a corrupted altar of Lugonu.
 36874 | Elf:1    | Found a one-way gate to the infinite horrors of the Abyss.
 37601 | Elf:2    | Got a transparent quarterstaff
 37602 | Elf:2    | Identified the +10 quarterstaff of Funnuso {freeze, rPois} (You found it on level 2 of the Elven Halls)
 37619 | Elf:2    | Received a gift from Sif Muna
 37623 | Elf:2    | Identified Sif Muna's Almanac of Quantum Augmentations (Sif Muna gifted it to you on level 2 of the Elven Halls)
 37630 | Elf:2    | Learned a level 3 spell: Regeneration
 37980 | Swamp:1  | Entered Level 1 of the Swamp
 38478 | Orc:4    | Bought a +3 ring of protection for 294 gold pieces
 40601 | Swamp:1  | Noticed a tentacled monstrosity
 40716 | Swamp:1  | Killed a tentacled monstrosity
 40716 | Swamp:1  | Reached XP level 16. HP: 80/88 MP: 19/32
 40784 | Snake:1  | Entered Level 1 of the Snake Pit
 40784 | Snake:1  | Noticed Aizul
 41004 | Lair:3   | Killed from afar by Aizul

Vault maps used:
D:1:      ldierk_water_garden
D:2:      kennysheep_the_goblin_king, nicolae_overflow_hidden_temple,
          first_bread, minmay_misc_feat_columns, grunt_ministairs_1
D:3:      wad_lake_hut, uniq_crazy_yiuf_cottage, uniq_grinder, uniq_robin
D:5:      xom_butterflies, grunt_ministairs_8, uniq_pikel
D:6:      lemuel_ice_spiral_2, kiku_gazebo_garden_becter, kennysheep_little_box,
          gammafunk_temple_overflow_elements, nicolae_ossuary_entry_ruins,
          uniq_edmund, uniq_sigmund
D:7:      lemuel_crystal_altar, minmay_temple_entry_trees
D:9:      dpeg_lair_monsters, minmay_fire_ice_demons
Lair:2:   basic_altar, grunt_megastairs_1, uniq_gastronok
Lair:3:   minmay_swamp_entry_worms, guppyfry_snake_entry_garden,
          lab_entry_generic, grunt_megastairs_2
Lair:5:   bh_autumn_forest_stairs, grunt_megastairs_4
Lair:6:   patterned_corridor, uniq_rupert
Lair:7:   minmay_slime_entry_oklob_open, fungi_pond_lemuel, pond
Lair:8:   due_jungle_book, st_stairs_8, grunt_megastairs_5
Swamp:1:  serial_swamp_ruin, evilmike_swamp_ruin_house_4,
          evilmike_swamp_ruin_house_2, evilmike_swamp_ruin_rubble_1
Snake:1:  serial_bayou_shore_b, lemuel_fruit_tree, uniq_kirke, uniq_agnes,
          uniq_roxanne, uniq_aizul
Orc:1:    nicolae_orc_accident_1, basic_altar
Orc:2:    trap_god_beogh
Orc:3:    nicolae_orc_pool_cavern
Orc:4:    st_orc_town
Elf:1:    due_chaos_kobolds, serial_shops, shop, minmay_elf_demonology,
          uniq_azrael
Elf:2:    serial_shops, shop_coins, bh_hangedman_babel_library
Lab:      nicolae_lab_dead_adventurers, nicolae_lab_starburst, nicolae_lab_lava,
          nicolae_lab_big_swirl, labyrinth_skeletal_remains
Ossuary:  minmay_ossuary_two_tombs

Action                   |  1- 3 |  4- 6 |  7- 9 | 10-12 | 13-15 | 16-18 || total
-------------------------+-------+-------+-------+-------+-------+-------++-------
Melee: Unarmed           |     9 |       |       |       |       |       ||     9
       Dagger            |    57 |   132 |   205 |       |       |       ||   394
       Flail             |       |       |     5 |   409 |   611 |     5 ||  1030
 Fire: Blowgun           |       |       |    20 |    60 |   158 |       ||   238
       Hunting sling     |       |       |    67 |   286 |  1244 |    16 ||  1613
Throw: Stone             |       |       |       |    26 |    72 |       ||    98
 Cast: Magic Dart        |   101 |   195 |   219 |   442 |    98 |       ||  1055
       Repel Missiles    |     1 |       |     1 |     1 |     7 |       ||    10
       Mephitic Cloud    |       |     6 |    28 |    94 |   348 |       ||   476
       Conjure Flame     |       |       |     2 |     9 |     5 |       ||    16
       Force Lance       |       |       |       |    37 |   270 |    24 ||   331
       Animate Skeleton  |       |       |       |       |   190 |       ||   190
       Blink             |       |       |       |       |    15 |       ||    15
       Apportation       |       |       |       |       |     5 |       ||     5
       Dazzling Spray    |       |       |       |       |     3 |       ||     3
       Recall            |       |       |       |       |     1 |       ||     1
       Regeneration      |       |       |       |       |     7 |       ||     7
       Swiftness         |       |       |       |       |     3 |       ||     3
Invok: Channel Energy    |       |       |       |    69 |   535 |       ||   604
Evoke: Wand              |       |       |       |     3 |     2 |     4 ||     9
       Rod               |       |       |       |       |     9 |     1 ||    10
       Lamp of fire      |       |       |       |       |     2 |       ||     2
       Phial of floods   |       |       |       |       |     1 |     1 ||     2
  Use: Scroll            |     4 |     4 |    10 |     8 |    12 |     3 ||    41
       Potion            |       |     6 |     1 |     2 |     6 |    13 ||    28
 Stab: Sleeping          |     1 |     1 |    15 |     5 |    12 |       ||    34
       Confused          |       |       |    13 |    40 |    80 |       ||   133
       Distracted        |       |       |     1 |     2 |     3 |       ||     6
       Fleeing           |       |       |     1 |     1 |       |       ||     2
       Invisible         |       |       |       |       |     1 |       ||     1
  Eat: Chunk             |     5 |    12 |    12 |    41 |   138 |       ||   208
       Meat ration       |       |     1 |       |       |       |       ||     1
       Beef jerky        |       |       |     2 |       |     1 |       ||     3
       Royal jelly       |       |       |       |     2 |       |       ||     2
       Pizza             |       |       |       |     1 |     2 |       ||     3
       Fruit             |       |       |       |       |     3 |       ||     3
